 Dungeon Crawl Stone Soup version 0.25-a0-341-g6f074c887a (webtiles) character file.

Game seed: 10308085390282369933, levelgen mode: classic

12534 Borgoz the Basher (level 11, 0/71 HPs)
             Began as a Gargoyle Gladiator on Dec 30, 2019.
             Was a Priest of Dithmenos.
             Hit by a large rock thrown by a cyclops (30 damage)
             ... on level 12 of the Dungeon.
             The game lasted 00:21:41 (9285 turns).

Borgoz the Basher (Gargoyle Gladiator)              Turns: 9285, Time: 00:21:41

Health: 0/71       AC: 17    Str: 21    XL:     11   Next: 94%
Magic:  14/14      EV: 16    Int:  9    God:    Dithmenos [***...]
Gold:   557        SH:  0    Dex: 13    Spells: 10/10 levels left

rFire    . . .     SeeInvis .   D - +0 dire flail
rCold    . . .     Gourm    .   (shield currently unavailable)
rNeg     + . .     Faith    .   y - +2 robe of Vines {NoPotionHeal Regen+7}
rPois    ∞         Spirit   .   c - +0 helmet
rElec    +         Reflect  .   (no cloak)
rCorr    +         Harm     .   J - +2 pair of gloves
MR       .....                  (no boots)
Stlth    ++........             n - amulet of regeneration
HPRegen  3.41/turn              h - ring of resist corrosion
MPRegen  0.14/turn              F - +2 ring of strength

@: wreathed by umbra
A: negative energy resistance 1, electricity resistance, unbreathing,
petrification resistance, rot immunity, AC +8
a: Shadow Step, Renounce Religion


You were on level 12 of the Dungeon.
You worshipped Dithmenos.
Dithmenos was most pleased with you.
You were not hungry.

You visited 2 branches of the dungeon, and saw 13 of its levels.

You collected 669 gold pieces.
You spent 112 gold pieces at shops.

Inventory:

Hand Weapons
 D - a +0 dire flail (weapon)
Missiles
 d - 2 throwing nets (quivered)
Armour
 c - a +0 helmet (worn)
 y - the +2 robe of Vines (worn) {NoPotionHeal Regen+7}
   (You found it on level 5 of the Dungeon)

   It increases your rate of regeneration.
 E - the +0 chain mail "Toas" {rF+ rCorr MP+9}
   (You found it on level 11 of the Dungeon)

   It protects you from fire.
   It affects your magic capacity (+9).
   It provides partial protection from all sources of acid and corrosion.
 J - a +2 pair of gloves (worn)
 K - +0 acid dragon scales
Jewellery
 e - an uncursed amulet of faith
 h - a ring of resist corrosion (left hand)
 n - an amulet of regeneration (around neck)
 v - an uncursed ring of protection from magic
 B - an uncursed ring of flight
 F - a +2 ring of strength (right hand)
Wands
 s - a wand of enslavement (9)
 w - a wand of paralysis (9)
 x - a wand of clouds (9)
Scrolls
 a - a scroll of identify
 b - 4 scrolls of fog
 g - a scroll of torment {unknown}
 i - 4 scrolls of magic mapping
 j - 6 scrolls of remove curse
 k - 3 scrolls of teleportation
 l - a scroll of noise {unknown}
 o - a scroll of amnesia {unknown}
 p - a scroll of enchant weapon
 z - 2 scrolls of fear {unknown}
 A - 2 scrolls of blinking
 H - a scroll of holy word {unknown}
Potions
 m - a potion of mutation
 q - 7 potions of brilliance
 r - 2 potions of heal wounds
 t - 2 potions of cancellation
 u - a potion of magic
 G - a potion of lignification
 I - a potion of might
Comestibles
 f - 18 rations


   Skills:
 + Level 9.4 Fighting
 * Level 11.2 Maces & Flails
 - Level 4.6 Throwing
 + Level 7.6 Armour
 * Level 7.4 Dodging
 + Level 5.1 Invocations


You had 10 spell levels left.
You didn't know any spells.
Your spell library contained the following spells:

 Spells                   Type           Power        Failure   Level  Hunger
 Ignite Poison            Fire/Tmut/Pois #.......     77%         3    ####...
 Fireball                 Conj/Fire      #.........   100%        5    ######.
 Starburst                Conj/Fire      #.........   100%        6    #######
 Ring of Flames           Chrm/Fire      #.........   100%        7    #######
 Ignition                 Fire           #.........   100%        8    #######


Dungeon Overview and Level Annotations

Branches:
Dungeon (12/15)            Temple (1/1) D:6            Lair (0/6) D:11
    Orc (0/2) D:10

Altars:
Ashenzari
Cheibriados
Dithmenos
Elyvilon
Fedhas
Gozag
Hepliaklqana
Kikubaaqudgha
Makhleb
Nemelex Xobeh
Okawaru
Qazlal
Ru
Sif Muna
Trog
Uskayaw
Vehumet
Wu Jian
Xom
Yredelemnul
Zin
The Shining One

Shops:
D:5 !%?[%

Portals:
Trove: D:10 (give +3 gold dragon scales)

Annotations:
D:11 exclusions: obsidian statue and orange crystal statue


Innate Abilities, Weirdness & Mutations

You are resistant to torment.
Your stone body is resilient. (AC +8)
You are immune to poison.
You resist negative energy. (rN+)
You are resistant to electric shocks. (rElec)
You can survive without breathing.
You are immune to petrification.
You are immune to rotting.


Message History

A cyclops comes into view.
The cyclops shouts!
A cyclops is nearby!
The cyclops throws a large rock.
The large rock hits you!!
You see here a large rock.
The cyclops throws a large rock.
The large rock hits you!!
* * * LOW HITPOINT WARNING * * *
You see here a large rock.
You are too injured to fight recklessly!
You are too injured to fight recklessly!
You are too injured to fight recklessly!
Okay, then.
Throwing (i - inventory)
d - 3 throwing nets (quivered)
Press: ? - help, Shift-Dir - straight line, f - cyclops
Aim: a cyclops, quivering 2 large rocks (immune to nets)
You throw a throwing net. The throwing net hits the cyclops.
The cyclops is too large for the net to hold!
The cyclops throws a large rock.
The large rock barely misses you.
The cyclops throws a large rock.
The large rock hits you!!
You die...

###########
#.........##
#..###.....# ###
##..###.....##########
##.#
............(((.@..C.#
##.#.
............########.#
#.### ....###..<.<#
#.# ##.#. ....#
##...## #.# #####.#
....#####..# #.#
#...... ...........#
#.# #.###.#
#.#######.## #.# #[#
#.. #.# ##'## ##.##
#.# ##. #.# ##...##
##<..# #.####.


You could see a cyclops.

Vanquished Creatures
  A slime creature (D:12)
  A death knight (D:8)
  3 two-headed ogres
  A phantasmal warrior (D:8)
  2 ugly things
  A cyclops (D:11)
  A gargoyle (D:11)
  3 trolls
  A hornet (D:7)
  2 hippogriffs
  2 shadows
  4 wraiths
  A yak (D:11)
  A wyvern (D:12)
  2 acid dragons
  A porcupine (D:11)
  3 phantoms
  7 orc warriors
  A black bear (D:7)
  8 ogres
  2 sky beasts
  4 centaurs
  4 big kobolds
  4 bullfrogs
  A wyvern zombie (D:11)
  A gnoll sergeant (D:8)
  6 scorpions
  A howler monkey (D:7)
  5 crimson imps
  A quasit (D:4)
  A hound (D:7)
  4 jellies
  5 orc priests
  6 orc wizards
  A bullfrog skeleton (D:5)
  Natasha (thrice) (D:4)
  3 iguanas
  6 worker ants
  A hound zombie (D:10)
  2 hound skeletons
  A howler monkey zombie (D:4)
  A worker ant zombie (D:10)
  6 gnolls (D:8)
  12 adders
  4 shadow imps
  An ooze (D:2)
  3 adder skeletons
  3 worms
  2 dart slugs (D:1)
  3 leopard geckos
  32 orcs
  9 bats
  6 giant cockroaches
  5 hobgoblins
  19 jackals
  20 kobolds
  2 quokkas
  2 ball pythons
  3 frilled lizards
  7 goblins
  A leopard gecko zombie (D:8)
  7 rats
256 creatures vanquished.

Vanquished Creatures (others)
  A fungus (D:11)
1 creature vanquished.

Grand Total: 257 creatures vanquished

Notes
Turn   | Place    | Note
-------+----------+-------------------------------------------
     0 | D:1      | Borgoz the Gargoyle Gladiator began the quest for the Orb.
     0 | D:1      | Reached XP level 1. HP: 12/12 MP: 1/1
   196 | D:1      | Reached XP level 2. HP: 18/18 MP: 2/2
   452 | D:1      | Reached XP level 3. HP: 22/22 MP: 3/3
  1016 | D:2      | Reached XP level 4. HP: 22/28 MP: 4/4
  1888 | D:4      | Reached XP level 5. HP: 30/32 MP: 5/5
  1941 | D:4      | Noticed Natasha
  1950 | D:4      | Killed Natasha
  1950 | D:4      | Reached skill level 4 in Maces & Flails
  2152 | D:4      | Noticed an ogre
  2162 | D:4      | Killed an ogre
  2162 | D:4      | Reached XP level 6. HP: 10/38 MP: 6/6
  2338 | D:4      | Noticed a phantom
  2439 | D:4      | Killed a phantom
  2496 | D:4      | Noticed Natasha
  2503 | D:4      | Killed Natasha
  2503 | D:4      | Reached XP level 7. HP: 43/43 MP: 7/7
  2837 | D:4      | Noticed Natasha
  2851 | D:4      | Killed Natasha
  2866 | D:5      | Entered Level 5 of the Dungeon
  2933 | D:5      | Found a sparkling altar of Nemelex Xobeh.
  2969 | D:5      | Found Zuowihup's Magic Scroll Shop.
  2977 | D:5      | Bought a scroll of identify for 28 gold pieces
  2977 | D:5      | Bought 3 scrolls of identify for 84 gold pieces
  3058 | D:5      | Found Hutt's Food Shop.
  3143 | D:5      | Found a blossoming altar of Fedhas.
  3152 | D:5      | Reached skill level 5 in Maces & Flails
  3234 | D:5      | Found Keagum's Antique Armour Boutique.
  3298 | D:5      | Found Mesont's Distillery.
  3391 | D:5      | Reached skill level 5 in Fighting
  3448 | D:5      | Found the +2 robe of Vines {NoPotionHeal Regen+7}
  3535 | D:5      | Found Ride's Food Emporium.
  3632 | D:6      | Reached XP level 8. HP: 48/49 MP: 8/8
  3749 | D:6      | Found a staircase to the Ecumenical Temple.
  4719 | Temple   | Entered the Ecumenical Temple
  4851 | Temple   | Became a worshipper of Dithmenos the Shadowed
  5209 | D:7      | Noticed a hornet
  5221 | D:7      | Killed a hornet
  5221 | D:7      | Reached skill level 6 in Maces & Flails
  5221 | D:7      | Reached skill level 1 in Armour
  5444 | D:7      | Reached skill level 7 in Maces & Flails
  5444 | D:7      | Reached XP level 9. HP: 56/56 MP: 9/9
  5686 | D:7      | Reached * piety under Dithmenos
  6095 | D:8      | Noticed a two-headed ogre
  6106 | D:8      | Killed a two-headed ogre
  6106 | D:8      | Reached skill level 8 in Maces & Flails
  6174 | D:8      | Noticed a phantasmal warrior
  6210 | D:8      | Killed a phantasmal warrior
  6210 | D:8      | Reached skill level 9 in Maces & Flails
  6210 | D:8      | Reached skill level 5 in Armour
  6210 | D:8      | Reached XP level 10. HP: 53/64 MP: 10/10
  6262 | D:8      | Reached skill level 1 in Invocations
  6272 | D:8      | Reached ** piety under Dithmenos
  6282 | D:8      | Reached skill level 5 in Dodging
  6286 | D:8      | Noticed a death knight
  6326 | D:8      | Killed a death knight
  6391 | D:9      | You fall into a shaft and drop 1 floor!
  6391 | D:10     | Entered Level 10 of the Dungeon
  6496 | D:10     | Noticed a two-headed ogre
  6547 | D:10     | Killed a two-headed ogre
  6547 | D:10     | Reached skill level 10 in Maces & Flails
  7328 | D:10     | Reached XP level 11. HP: 54/69 MP: 13/13
  7379 | D:10     | Found a stormy altar of Qazlal.
  7435 | D:10     | Found a staircase to the Orcish Mines.
  7483 | D:10     | Found a portal to a secret trove of treasure.
  7849 | D:10     | Reached *** piety under Dithmenos
  7897 | D:11     | Noticed a two-headed ogre
  7918 | D:11     | Killed a two-headed ogre
  7998 | D:11     | Got a shimmering chain mail
  8009 | D:11     | Identified the cursed +0 chain mail "Toas" {rF+ rCorr MP+9}
                  | (You found it on level 11 of the Dungeon)
  8108 | D:11     | Noticed a green ugly thing
  8127 | D:11     | Killed a green ugly thing
  8232 | D:11     | Noticed an obsidian statue
  8232 | D:11     | Noticed an orange crystal statue
  8267 | D:11     | Noticed a cyclops
  8313 | D:11     | Killed a cyclops
  8442 | D:11     | Found a staircase to the Lair.
  8445 | D:11     | Reached skill level 11 in Maces & Flails
  8638 | D:12     | Noticed a white ugly thing
  8654 | D:12     | Killed a white ugly thing
  8926 | D:12     | Killed a titanic slime creature
  8926 | D:12     | Reached skill level 5 in Invocations
  9280 | D:12     | Noticed a cyclops
  9285 | D:12     | Hit by a large rock thrown by a cyclops

Levels and vault maps discovered:
D:1:      lightli_arrival_chessboard, layout_rooms
D:2:      layout_loops_ring, serial_park_tiny_2
D:3:      layout_loops_cross
D:4:      layout_basic, kennysheep_potato, uniq_natasha
D:5:      lemuel_upstairs_altar, layout_basic,
          nemelex_xobeh_ov_fountains_minmay, first_ration, serial_shops, shop,
          shop, shop, nicolae_shop_statue_plus, kennysheep_mini_moat,
          fedhas_altar_fruit_tree
D:6:      layout_layer_cave, minmay_temple_entry_antechambers,
          minmay_chambers_of_fives
D:7:      layout_basic
D:8:      layout_basic, grunt_pizzeria
D:9:      layout_rooms, serial_corexii_hall, chequers_hall_statues_corner_a,
          chequers_hall_statues_y, chequers_hall_statues_y,
          corexii_hall_statues_x, chequers_hall_statues_corner_a,
          corexii_hall_statues_deadend, item_on_display_a
D:10:     layout_rooms, orc_0_dummy, nicolae_trove_entry_diagonal,
          minmay_crystal_water, nicolae_qazlal_general_emergency
D:11:     layout_cave_pools, grunt_lair_entry_orc_guard_hut,
          serial_bayou_pond_d, david_greed
D:12:     layout_loops_corners
Temple:   kilobyte_greek_temple

Skill      XL: |  1  2  3  4  5  6  7  8  9 10 11 |
---------------+----------------------------------+-----
Throwing       | 2 3 4 |  4.6
Fighting       | 3 4 5 6 7 8 9 |  9.4
Dodging        | 3 4 6 7 |  7.4
Maces & Flails | 4 5 7 9 10 11 | 11.2
Armour         | 2 5 6 7 |  7.6
Invocations    | 3 5 |  5.1

Action                   |  1- 3 |  4- 6 |  7- 9 | 10-12 || total
-------------------------+-------+-------+-------+-------++-------
Melee: Flail             |   117 |   190 |   311 |       ||   618
       Dire flail        |       |       |    97 |   624 ||   721
Throw: Throwing net      |       |     2 |       |     3 ||     5
Evoke: Wand              |       |       |       |     4 ||     4
  Use: Potion            |       |     1 |     1 |       ||     2
       Scroll            |       |       |    14 |     5 ||    19
 Stab: Sleeping          |       |       |     2 |     2 ||     4
       Paralysed         |       |       |       |    24 ||    24
  Eat: Chunk             |       |     5 |    10 |    10 ||    25
       Ration            |       |       |     1 |       ||     1
Armor: Leather armour    |    15 |       |       |       ||    15
       Ring mail         |    47 |    14 |       |       ||    61
       Scale mail        |       |   134 |    77 |       ||   211
       Robe              |       |       |   102 |   164 ||   266
Dodge: Dodged            |   106 |   128 |   371 |   474 ||  1079

Table legend:
 A = Non-vault XP
 B = Vault XP
 C = Vault XP percentage of total XP
 D = Non-vault monster count
 E = Vault monster count
 F = Vault count percentage of total count
                 A         B        C        D         E       F
            +---------+---------+-------+---------+---------+-------
      Total |   16963 |     944 |   5.3 |     244 |      12 |   4.7
            +---------+---------+-------+---------+---------+-------
        D:1 |      38 |       0 |   0.0 |      22 |       0 |   0.0
        D:2 |      70 |       0 |   0.0 |      22 |       0 |   0.0
        D:3 |      15 |       0 |   0.0 |       9 |       0 |   0.0
        D:4 |     591 |      38 |   6.0 |      20 |       2 |   9.1
        D:5 |     406 |       0 |   0.0 |      18 |       0 |   0.0
        D:6 |     267 |     127 |  32.2 |       4 |       4 |  50.0
        D:7 |    1175 |       0 |   0.0 |      28 |       0 |   0.0
        D:8 |    3739 |     129 |   3.3 |      32 |       1 |   3.0
        D:9 |     901 |       0 |   0.0 |      16 |       0 |   0.0
       D:10 |    2489 |       0 |   0.0 |      35 |       0 |   0.0
       D:11 |    4486 |     650 |  12.7 |      26 |       5 |  16.1
       D:12 |    2786 |       0 |   0.0 |      12 |       0 |   0.0
            +---------+---------+-------+---------+---------+-------
